TOP OF THE 1ST |
Monterrey Lasers batting - Pitching for Acapulco Locos : RHP John Pacella
|
Pitching: RHP John Pacella
|
|
Batting: LHB Milt Thompson
|
0-0: Ball 1-0: Ball 2-0: Ball 3-0: Base on Balls
|
Batting: RHB Adolfo Feliz
|
0-0: Called Strike 0-1: Ball 1-1: Ball 2-1: DOUBLE (Line Drive, 78XD, EV 99.4 MPH) Milt Thompson to third
|
Batting: RHB George A Bell
|
0-0: Foul Ball, location: 2F 0-1: Swinging Strike 0-2: Strikes out swinging
|
Batting: RHB George Bjorkman
|
0-0: Ball 1-0: Swinging Strike 1-1: Called Strike 1-2: Ball 2-2: Strikes out swinging
|
Batting: SHB David Enos
|
0-0: Called Strike 0-1: Ball 1-1: Ball 2-1: Called Strike 2-2: Ball 3-2: Foul Ball, location: 2F 3-2: Ground out 6-3 (Groundball, 6, EV 107.5 MPH)
|
Top of the 1st over - 0 runs, 1 hit, 0 errors, 2 left on base; Monterrey 0 - Acapulco 0 |
BOTTOM OF THE 1ST |
Acapulco Locos batting - Pitching for Monterrey Lasers : RHP Robin Fuson
|
Pitching: RHP Robin Fuson
|
|
Batting: RHB Heriberto Valdez
|
0-0: Called Strike 0-1: Bunt missed! 0-2: Ground out 4-3 (Groundball, 4, EV 81.9 MPH)
|
Batting: RHB Ray Smith
|
0-0: Called Strike 0-1: Foul Ball, location: 2F 0-2: Foul Ball, location: 2F 0-2: Ball 1-2: Ball 2-2: Fly out, F3 (Popup, 3SF, EV 76.9 MPH)
|
Batting: RHB Dan Gladden
|
0-0: Called Strike 0-1: Ball 1-1: Ball 2-1: Ball 3-1: SINGLE (Line Drive, 9S, EV 100.0 MPH)
|
Batting: LHB Manny Leal
|
0-0: Ball Dan Gladden is caught stealing 2nd base 2-6
|
Bottom of the 1st over - 0 runs, 1 hit, 0 errors, 0 left on base; Monterrey 0 - Acapulco 0 |
TOP OF THE 2ND |
Monterrey Lasers batting - Pitching for Acapulco Locos : RHP John Pacella
|
Batting: RHB Juan Samuel
|
0-0: Ball 1-0: Fly out, F9 (Flyball, 9LSF, EV 91.3 MPH)
|
Batting: SHB Felipe Gracia
|
0-0: Swinging Strike 0-1: Ball 1-1: Called Strike 1-2: Foul Ball, location: 2F 1-2: Strikes out swinging
|
Batting: LHB Larry Donofrio
|
0-0: Ball 1-0: Foul Ball, location: 2F 1-1: Ball 2-1: Ball 3-1: Fly out, F7 (Flyball, 7D, EV 90.6 MPH)
|
Top of the 2nd over - 0 runs, 0 hits, 0 errors, 0 left on base; Monterrey 0 - Acapulco 0 |
BOTTOM OF THE 2ND |
Acapulco Locos batting - Pitching for Monterrey Lasers : RHP Robin Fuson
|
Batting: LHB Manny Leal
|
0-0: Fly out, F8 (Line Drive, 8RM, EV 89.4 MPH)
|
Batting: RHB Michael Ventress
|
0-0: Ball 1-0: Foul Ball, location: 2F 1-1: Swinging Strike 1-2: Foul Ball, location: 2F 1-2: Ball 2-2: Ball 3-2: Hit by Pitch
|
Batting: LHB Juan Zavala
|
0-0: Grounds into double play, 1-6-3 (Groundball, 34S, EV 81.9 MPH)
|
Bottom of the 2nd over - 0 runs, 0 hits, 0 errors, 0 left on base; Monterrey 0 - Acapulco 0 |
TOP OF THE 3RD |
Monterrey Lasers batting - Pitching for Acapulco Locos : RHP John Pacella
|
Batting: RHB Juan Castro
|
0-0: Called Strike 0-1: Foul Ball, location: 2F 0-2: Ground out 4-3 (Groundball, 4M, EV 88.1 MPH)
|
Batting: LHB Milt Thompson
|
0-0: Ball 1-0: Ball 2-0: Ball 3-0: Called Strike 3-1: Base on Balls
|
Batting: RHB Adolfo Feliz
|
0-0: Called Strike Milt Thompson steals 2nd base 0-1: Ball Milt Thompson steals 3rd, throwing error, E2 Milt Thompson scores 1-1: Ball 2-1: Foul Ball, location: 2F 2-2: Fly out, F6 (Popup, 6, EV 80.6 MPH)
|
Batting: RHB George A Bell
|
0-0: Foul Ball, location: 2F 0-1: Ball 1-1: DOUBLE (Line Drive, 7LM, EV 101.9 MPH)
|
Batting: RHB George Bjorkman
|
0-0: Called Strike 0-1: Ball 1-1: Foul Ball, location: 2F 1-2: Ball 2-2: Ball 3-2: SINGLE (Flyball, 7S, EV 82.5 MPH) George A Bell to third George A Bell scores
|
Batting: SHB David Enos
|
0-0: Ball 1-0: Ball 2-0: SINGLE (Line Drive, 9S, EV 106.9 MPH) George Bjorkman to second
|
Batting: RHB Juan Samuel
|
0-0: Swinging Strike 0-1: Ball 1-1: Fielders Choice at 2nd, 6-4 (Groundball, 6, EV 77.5 MPH)
|
Top of the 3rd over - 2 runs, 3 hits, 1 error, 2 left on base; Monterrey 2 - Acapulco 0 |
BOTTOM OF THE 3RD |
Acapulco Locos batting - Pitching for Monterrey Lasers : RHP Robin Fuson
|
Batting: LHB Jeff Smith
|
0-0: Called Strike 0-1: Called Strike 0-2: Strikes out swinging
|
Batting: RHB Alex Sanchez
|
0-0: Called Strike 0-1: Ground out 6-3 (Groundball, 6, EV 103.8 MPH)
|
Batting: RHB Ramon Lora
|
0-0: Ground out U3 (Groundball, 3L, EV 108.8 MPH)
|
Bottom of the 3rd over - 0 runs, 0 hits, 0 errors, 0 left on base; Monterrey 2 - Acapulco 0 |
TOP OF THE 4TH |
Monterrey Lasers batting - Pitching for Acapulco Locos : RHP John Pacella
|
Batting: SHB Felipe Gracia
|
0-0: Called Strike 0-1: Bunt for hit to 15 - play at first, batter OUT! 1-3
|
Batting: LHB Larry Donofrio
|
0-0: Ball 1-0: Ball 2-0: Ball 3-0: Base on Balls
|
Batting: RHB Juan Castro
|
Balk! Larry Donofrio to second 0-0: Called Strike 0-1: Ground out 2-3 (Groundball, 15S, EV 70.6 MPH) Larry Donofrio to third
|
Batting: LHB Milt Thompson
|
0-0: Called Strike 0-1: Ball 1-1: Ball 2-1: Called Strike 2-2: Foul Ball, location: 2F 2-2: Foul Ball, location: 2F 2-2: Strikes out swinging
|
Top of the 4th over - 0 runs, 0 hits, 0 errors, 1 left on base; Monterrey 2 - Acapulco 0 |
BOTTOM OF THE 4TH |
Acapulco Locos batting - Pitching for Monterrey Lasers : RHP Robin Fuson
|
Batting: RHB Heriberto Valdez
|
0-0: Ball 1-0: Called Strike 1-1: Ball 2-1: DOUBLE (Flyball, 89XD, EV 111.3 MPH)
|
Batting: RHB Ray Smith
|
0-0: Ball 1-0: Foul Ball, location: 2F 1-1: Ground out 4-3 (Groundball, 4, EV 77.5 MPH) Heriberto Valdez to third
|
Batting: RHB Dan Gladden
|
0-0: Ball 1-0: Ball 2-0: Ball 3-0: Called Strike 3-1: Base on Balls
|
Batting: LHB Manny Leal
|
0-0: Called Strike 0-1: Hit by Pitch Dan Gladden to second
|
Batting: RHB Michael Ventress
|
0-0: Ball 1-0: Ball 2-0: Ball 3-0: Called Strike 3-1: Base on Balls Heriberto Valdez scores Dan Gladden to third Manny Leal to second
|
Batting: LHB Juan Zavala
|
0-0: Ball 1-0: Ball 2-0: Foul Ball, location: 2F 2-1: Foul Ball, location: 2F 2-2: Ball 3-2: Base on Balls Dan Gladden scores Manny Leal to third Michael Ventress to second
|
Batting: LHB Jeff Smith
|
0-0: Foul Ball, location: 2F 0-1: Fielders Choice at 2nd, 3-6 (Groundball, 34, EV 85.6 MPH) Manny Leal scores Michael Ventress to third
|
Batting: RHB Alex Sanchez
|
0-0: Ball 1-0: Fly out, F8 (Flyball, 8RXD, EV 81.3 MPH)
|
Bottom of the 4th over - 3 runs, 1 hit, 0 errors, 2 left on base; Monterrey 2 - Acapulco 3 |
TOP OF THE 5TH |
Monterrey Lasers batting - Pitching for Acapulco Locos : RHP John Pacella
|
Batting: RHB Adolfo Feliz
|
0-0: Swinging Strike 0-1: Ball 1-1: Ball 2-1: Foul Ball, location: 2F 2-2: Ball 3-2: Base on Balls
|
Batting: RHB George A Bell
|
0-0: Ball 1-0: Fielders Choice at 2nd, 5-4 (Groundball, 5, EV 89.4 MPH)
|
Batting: RHB George Bjorkman
|
0-0: Called Strike 0-1: Called Strike 0-2: Ball 1-2: Strikes out swinging
|
Batting: SHB David Enos
|
0-0: Called Strike 0-1: SINGLE (Groundball, 5D, EV 100.0 MPH) George A Bell to second
|
Batting: RHB Juan Samuel
|
0-0: Ball 1-0: Swinging Strike 1-1: Foul Ball, location: 2F 1-2: Ball 2-2: Strikes out swinging
|
Top of the 5th over - 0 runs, 1 hit, 0 errors, 2 left on base; Monterrey 2 - Acapulco 3 |
BOTTOM OF THE 5TH |
Acapulco Locos batting - Pitching for Monterrey Lasers : RHP Robin Fuson
|
Batting: RHB Ramon Lora
|
0-0: Ground out 5-3 (Groundball, 5, EV 80.0 MPH)
|
Batting: RHB Heriberto Valdez
|
0-0: Called Strike 0-1: Foul Ball, location: 2F 0-2: Ball 1-2: Strikes out swinging
|
Batting: RHB Ray Smith
|
0-0: Called Strike 0-1: Swinging Strike 0-2: Foul Ball, location: 2F 0-2: Ball 1-2: Ball 2-2: Ball 3-2: SINGLE (Line Drive, 78S, EV 109.4 MPH)
|
Batting: RHB Dan Gladden
|
0-0: Ball 1-0: Ball 2-0: Called Strike 2-1: Swinging Strike 2-2: Foul Ball, location: 2F 2-2: Strikes out looking
|
Bottom of the 5th over - 0 runs, 1 hit, 0 errors, 1 left on base; Monterrey 2 - Acapulco 3 |
TOP OF THE 6TH |
Monterrey Lasers batting - Pitching for Acapulco Locos : RHP John Pacella
|
Batting: SHB Felipe Gracia
|
0-0: Ball 1-0: Fly out, F8 (Flyball, 8LM, EV 93.8 MPH)
|
Batting: LHB Larry Donofrio
|
0-0: Foul Ball, location: 2F 0-1: Fly out, F6 (Popup, 6, EV 53.8 MPH)
|
Batting: RHB Juan Castro
|
0-0: Ball 1-0: Called Strike 1-1: Called Strike 1-2: Strikes out looking
|
Top of the 6th over - 0 runs, 0 hits, 0 errors, 0 left on base; Monterrey 2 - Acapulco 3 |
BOTTOM OF THE 6TH |
Acapulco Locos batting - Pitching for Monterrey Lasers : RHP Robin Fuson
|
Batting: LHB Manny Leal
|
0-0: Called Strike 0-1: Ball 1-1: Swinging Strike 1-2: Strikes out swinging
|
Batting: RHB Michael Ventress
|
0-0: Foul Ball, location: 2F 0-1: Ground out 6-3 (Groundball, 6M, EV 101.3 MPH)
|
Batting: LHB Juan Zavala
|
0-0: SINGLE (Flyball, 78S, EV 91.9 MPH)
|
Batting: LHB Jeff Smith
|
0-0: Ball 1-0: Ball 2-0: Ball 3-0: Base on Balls Juan Zavala to second
|
Batting: RHB Alex Sanchez
|
0-0: Fielders Choice at 2nd, 6-4 (Groundball, 6, EV 85.6 MPH)
|
Bottom of the 6th over - 0 runs, 1 hit, 0 errors, 2 left on base; Monterrey 2 - Acapulco 3 |
TOP OF THE 7TH |
Monterrey Lasers batting - Pitching for Acapulco Locos : RHP John Pacella
|
Pitching: RHP Alexis Roselli
|
|
Batting: LHB Milt Thompson
|
0-0: Fly out, F4 (Flyball, 3D, EV 86.3 MPH)
|
Batting: RHB Adolfo Feliz
|
0-0: Ball 1-0: Fly out, F8 (Flyball, 8RD, EV 96.3 MPH)
|
Batting: RHB George A Bell
|
0-0: Ball 1-0: Called Strike 1-1: Ball 2-1: Ground out 6-3 (Groundball, 6, EV 83.8 MPH)
|
Top of the 7th over - 0 runs, 0 hits, 0 errors, 0 left on base; Monterrey 2 - Acapulco 3 |
BOTTOM OF THE 7TH |
Acapulco Locos batting - Pitching for Monterrey Lasers : RHP Robin Fuson
|
Batting: RHB Ramon Lora
|
0-0: Called Strike 0-1: SINGLE (Line Drive, 4D, EV 93.8 MPH)
|
Batting: RHB Heriberto Valdez
|
0-0: Bunted foul 0-1: Ball 1-1: Bunted foul 1-2: Ball 2-2: Foul Ball, location: 2F 2-2: Fly out, F8 (Flyball, 8RD, EV 90.6 MPH)
|
Batting: RHB Ray Smith
|
0-0: Ball 1-0: Fly out, F7 (Line Drive, 7, EV 90.6 MPH)
|
Batting: RHB Dan Gladden
|
0-0: Ball 1-0: Called Strike Ramon Lora steals 2nd base (no throw) 1-1: Fly out, F9 (Flyball, 89S, EV 93.1 MPH)
|
Bottom of the 7th over - 0 runs, 1 hit, 0 errors, 1 left on base; Monterrey 2 - Acapulco 3 |
TOP OF THE 8TH |
Monterrey Lasers batting - Pitching for Acapulco Locos : RHP Alexis Roselli
|
Batting: RHB George Bjorkman
|
0-0: Ball 1-0: Called Strike 1-1: Foul Ball, location: 2F 1-2: DOUBLE (Line Drive, 3D, EV 94.4 MPH)
|
Batting: SHB David Enos
|
0-0: Ball 1-0: Swinging Strike 1-1: Ground out 4-3 (Groundball, 4M, EV 85.6 MPH) George Bjorkman to third
|
Batting: RHB Juan Samuel
|
0-0: DOUBLE (Line Drive, 5D, EV 99.4 MPH) George Bjorkman scores
|
Batting: SHB Felipe Gracia
|
0-0: Ball 1-0: Ground out 1-3 (Groundball, 23, EV 62.5 MPH) Juan Samuel to third
|
Batting: LHB Larry Donofrio
|
0-0: Called Strike 0-1: Ball 1-1: Ball 2-1: Foul Ball, location: 2F 2-2: Strikes out looking
|
Top of the 8th over - 1 run, 2 hits, 0 errors, 1 left on base; Monterrey 3 - Acapulco 3 |
BOTTOM OF THE 8TH |
Acapulco Locos batting - Pitching for Monterrey Lasers : RHP Robin Fuson
|
Batting: LHB Manny Leal
|
0-0: Foul Ball, location: 2F 0-1: Foul Ball, location: 2F 0-2: Foul Ball, location: 2F 0-2: Ball 1-2: Ball 2-2: Ball 3-2: Foul Ball, location: 2F 3-2: Base on Balls
|
Batting: RHB Michael Ventress
|
0-0: Swinging Strike 0-1: Foul Ball, location: 2F 0-2: Ball Manny Leal steals 2nd base 1-2: Ball 2-2: Fly out, F8 (Flyball, 89S, EV 88.8 MPH)
|
Batting: LHB Juan Zavala
|
0-0: Ball 1-0: Foul Ball, location: 2F 1-1: Ground out 4-3 (Groundball, 4, EV 105.6 MPH) Manny Leal to third
|
Batting: LHB Jeff Smith
|
0-0: Ground out 3-1 (Groundball, 34S, EV 89.4 MPH)
|
Bottom of the 8th over - 0 runs, 0 hits, 0 errors, 1 left on base; Monterrey 3 - Acapulco 3 |
TOP OF THE 9TH |
Monterrey Lasers batting - Pitching for Acapulco Locos : RHP Alexis Roselli
|
Pitching: LHP Bill Bordley
|
|
Pinch Hitting: LHB Mike Kingery
|
0-0: Ball 1-0: Ball 2-0: Ball 3-0: Base on Balls
|
Batting: LHB Milt Thompson
|
0-0: Called Strike 0-1: Called Strike 0-2: Strikes out looking
|
Batting: RHB Adolfo Feliz
|
0-0: Ball 1-0: Fly out, F8 (Line Drive, 8RD, EV 90.6 MPH)
|
Batting: RHB George A Bell
|
0-0: Called Strike 0-1: Swinging Strike 0-2: Strikes out swinging
|
Top of the 9th over - 0 runs, 0 hits, 0 errors, 1 left on base; Monterrey 3 - Acapulco 3 |
BOTTOM OF THE 9TH |
Acapulco Locos batting - Pitching for Monterrey Lasers : RHP Robin Fuson
|
Now at SS: Gomez Barahona
|
|
Batting: RHB Alex Sanchez
|
0-0: Called Strike 0-1: Foul Ball, location: 2F 0-2: Strikes out swinging
|
Pinch Hitting: SHB Gary Pellant
|
0-0: Swinging Strike 0-1: Called Strike 0-2: Fly out, F8 (Flyball, 8LXD, EV 76.9 MPH)
|
Pinch Hitting: LHB Jared Martin
|
0-0: Called Strike 0-1: Called Strike 0-2: Foul Ball, location: 2F 0-2: Ball 1-2: Foul Ball, location: 2F 1-2: Ball 2-2: Fly out, F8 (Line Drive, 8RM, EV 93.1 MPH)
|
Bottom of the 9th over - 0 runs, 0 hits, 0 errors, 0 left on base; Monterrey 3 - Acapulco 3 |
TOP OF THE 10TH |
Monterrey Lasers batting - Pitching for Acapulco Locos : LHP Bill Bordley
|
Now in LF: Bob Osentoski
|
|
Now in RF: Jared Martin
|
|
Batting: RHB George Bjorkman
|
0-0: Foul Ball, location: 2F 0-1: Ball 1-1: Called Strike 1-2: Ground out 4-3 (Groundball, 4, EV 77.5 MPH)
|
Batting: SHB David Enos
|
0-0: Called Strike 0-1: Ball 1-1: Called Strike 1-2: Strikes out looking
|
Batting: RHB Juan Samuel
|
0-0: Fly out, F7 (Flyball, 7D, EV 94.4 MPH)
|
Top of the 10th over - 0 runs, 0 hits, 0 errors, 0 left on base; Monterrey 3 - Acapulco 3 |
BOTTOM OF THE 10TH |
Acapulco Locos batting - Pitching for Monterrey Lasers : RHP Robin Fuson
|
Pitching: RHP Ben Hayes
|
|
Batting: RHB Ray Smith
|
0-0: Called Strike 0-1: Foul Ball, location: 2F 0-2: Strikes out swinging
|
Batting: RHB Dan Gladden
|
0-0: Ground out 2-3 (Groundball, 15S, EV 61.3 MPH)
|
Batting: LHB Manny Leal
|
0-0: Called Strike 0-1: Ball 1-1: Ball 2-1: Foul Ball, location: 2F 2-2: Fly out, F4 (Popup, 34, EV 65.6 MPH)
|
Bottom of the 10th over - 0 runs, 0 hits, 0 errors, 0 left on base; Monterrey 3 - Acapulco 3 |
TOP OF THE 11TH |
Monterrey Lasers batting - Pitching for Acapulco Locos : LHP Bill Bordley
|
Pitching: RHP Eddie Reidy
|
|
Pinch Hitting: RHB Larry See
|
0-0: Called Strike 0-1: Ball 1-1: Swinging Strike 1-2: Ground out 5-3 (Groundball, 56, EV 85.0 MPH)
|
Batting: LHB Larry Donofrio
|
0-0: Ball 1-0: Ground out 5-3 (Groundball, 56S, EV 72.5 MPH)
|
Batting: RHB Gomez Barahona
|
0-0: Called Strike 0-1: Ball 1-1: Ball 2-1: Swinging Strike 2-2: Foul Ball, location: 2F 2-2: Hit by Pitch
|
Batting: LHB Milt Thompson
|
0-0: Called Strike 0-1: Ball 1-1: Called Strike Gomez Barahona steals 2nd base 1-2: Fly out, F9 (Line Drive, 9D, EV 90.6 MPH)
|
Top of the 11th over - 0 runs, 0 hits, 0 errors, 1 left on base; Monterrey 3 - Acapulco 3 |
BOTTOM OF THE 11TH |
Acapulco Locos batting - Pitching for Monterrey Lasers : RHP Ben Hayes
|
Now in CF: Mitch Webster
|
|
Batting: RHB Michael Ventress
|
0-0: Called Strike 0-1: Fly out, F8 (Flyball, 8LXD, EV 86.3 MPH)
|
Batting: LHB Juan Zavala
|
0-0: Ball 1-0: Foul Ball, location: 2F 1-1: Foul Ball, location: 2F 1-2: Foul Ball, location: 2F 1-2: Strikes out swinging
|
Batting: LHB Jeff Smith
|
0-0: Called Strike 0-1: Ball 1-1: Ground out 4-3 (Groundball, 4, EV 105.0 MPH)
|
Bottom of the 11th over - 0 runs, 0 hits, 0 errors, 0 left on base; Monterrey 3 - Acapulco 3 |
TOP OF THE 12TH |
Monterrey Lasers batting - Pitching for Acapulco Locos : RHP Eddie Reidy
|
Pitching: RHP Marco Rojas
|
|
Batting: RHB Adolfo Feliz
|
0-0: Called Strike 0-1: Ball 1-1: Called Strike 1-2: Strikes out swinging
|
Batting: RHB George A Bell
|
0-0: Ground out 6-3 (Groundball, 6S, EV 68.1 MPH)
|
Batting: RHB George Bjorkman
|
0-0: Ball 1-0: Foul Ball, location: 2F 1-1: Foul Ball, location: 2F 1-2: Foul Ball, location: 2F 1-2: Foul Ball, location: 2F 1-2: Ball 2-2: Ball 3-2: Fly out, F7 (Flyball, 7D, EV 109.4 MPH)
|
Top of the 12th over - 0 runs, 0 hits, 0 errors, 0 left on base; Monterrey 3 - Acapulco 3 |
BOTTOM OF THE 12TH |
Acapulco Locos batting - Pitching for Monterrey Lasers : RHP Ben Hayes
|
Pitching: LHP Jesse Orosco
|
|
Batting: RHB Alex Sanchez
|
0-0: Ball 1-0: Ground out 6-3 (Groundball, 6, EV 108.1 MPH)
|
Pinch Hitting: RHB Gary Skow
|
0-0: Called Strike 0-1: Fly out, F9 (Line Drive, 9, EV 96.3 MPH)
|
Batting: LHB Jared Martin
|
0-0: Ball 1-0: Fly out, F5 (Popup, 15, EV 76.9 MPH)
|
Bottom of the 12th over - 0 runs, 0 hits, 0 errors, 0 left on base; Monterrey 3 - Acapulco 3 |
TOP OF THE 13TH |
Monterrey Lasers batting - Pitching for Acapulco Locos : RHP Marco Rojas
|
Now in CF: Gary Skow
|
|
Batting: SHB David Enos
|
0-0: Ball 1-0: Swinging Strike 1-1: Foul Ball, location: 2F 1-2: Strikes out looking
|
Batting: RHB Juan Samuel
|
0-0: Ground out 6-3 (Groundball, 6, EV 99.4 MPH)
|
Batting: SHB Mitch Webster
|
0-0: Ball 1-0: Ball 2-0: Ball 3-0: Base on Balls
|
Batting: LHB Larry Donofrio
|
0-0: Called Strike 0-1: Called Strike 0-2: Ball 1-2: DOUBLE (Line Drive, 89D, EV 111.9 MPH) Mitch Webster to third Runner from 3rd tries for Home, SAFE, throw by CF to trailing runner, SAFE at third!
|
Batting: RHB Gomez Barahona
|
0-0: Ball 1-0: Ball 2-0: SINGLE (Line Drive, 8RS, EV 107.5 MPH) Larry Donofrio scores
|
Batting: LHB Milt Thompson
|
0-0: Called Strike 0-1: Ball 1-1: Ball 2-1: Fly out, F7 (Flyball, 7, EV 79.4 MPH)
|
Top of the 13th over - 2 runs, 2 hits, 0 errors, 1 left on base; Monterrey 5 - Acapulco 3 |
BOTTOM OF THE 13TH |
Acapulco Locos batting - Pitching for Monterrey Lasers : LHP Jesse Orosco
|
Now at C: Joel Skinner
|
|
Batting: RHB Ray Smith
|
0-0: Called Strike 0-1: Fly out, F1 (Line Drive, P, EV 73.1 MPH)
|
Batting: RHB Dan Gladden
|
0-0: Swinging Strike 0-1: Ground out U3 (Groundball, 34, EV 104.4 MPH)
|
Batting: LHB Manny Leal
|
0-0: Fly out, F9 (Flyball, 9S, EV 72.5 MPH)
|
Bottom of the 13th over - 0 runs, 0 hits, 0 errors, 0 left on base; Monterrey 5 - Acapulco 3 |
|